[Event "Mistrovství Čech mládeže 2023 - HD14"]
[Site "Harrachov, Czech Republic"]
[Date "2023.10.21"]
[Round "1.1"]
[White "Váňa, Jan"]
[Black "Borecký, Andrej"]
[Result "1-0"]
[TimeControl "90m + 30s"]
[WhiteElo "1969"]
[BlackElo "1341"]

1. e4 c5 2. Nf3 Nc6 3. Bb5 g6 4. O-O Bg7 5. Re1 d6 6. c3 Bg4 7. h3 Bxf3 8. Qxf3 Qc7 9. d3 a6 10.
Bxc6+ Qxc6 11. Nd2 Nf6 12. a4 O-O 13. a5 Nd7 14. Qe2 e6 15. f4 Rae8 16. Nf3 f5 17. e5 dxe5 18. fxe5 Qc7 19.
Bf4 h6 20. h4 Nb8 21. Nd2 Nc6 22. Qe3 Ne7 23. Nc4 Nd5 24. Qd2 Nxf4 25. Qxf4 Qe7 26. Nd6 Rd8 27. d4 cxd4 28. cxd4 g5 29.
hxg5 hxg5 30. Qf2 g4 31. g3 Bh6 32. d5 f4 33. Ra4 Qd7 34. Rb4 exd5 35. gxf4 Qc6 36. Qe3 d4 37. Rxd4 Rd7 38.
Qe4 Qc7 39. Qd5+ Kh8 40. e6 Re7 41. Nf5 Bxf4 42. Nxe7 Bh2+ 43. Kh1 Qxe7 44. Qh5+ Qh7 45. Qxh7+ Kxh7 46. e7 1-0

[Event "Mistrovství Čech mládeže 2023 - HD14"]
[Site "Harrachov, Czech Republic"]
[Date "2023.10.21"]
[Round "1.2"]
[White "Ausperger, Vít"]
[Black "Roubal, Matyáš"]
[Result "0-1"]
[TimeControl "90m + 30s"]
[WhiteElo "1302"]
[BlackElo "1884"]

1. d4 Nf6 2. c4 g6 3. Nc3 Bg7 4. e4 d6 5. Bf4 O-O 6. Nf3 c5 7. dxc5 dxc5 8. Qc2 Nc6 9. Rd1 Nd4 10.
Nxd4 cxd4 11. Be5 Ng4 12. Rxd4 Qb6 13. Bxg7 Kxg7 14. Rd2 Be6 15. h3 Ne5 16. Nd5 Bxd5 17. Rxd5 Nc6 18. Qc3+ e5 19.
c5 Qc7 20. Bc4 Nd4 21. O-O Rfd8 22. Re1 f6 23. Kf1 a5 24. a4 Rxd5 25. Bxd5 Qd7 26. b3 f5 27. Rc1 Ra6 28. f4 fxe4 29.
Bxe4 Rf6 30. Rd1 Rxf4+ 31. Bf3 Qf7 32. Kf2 Qe7 33.
Qd3 0-1

[Event "Mistrovství Čech mládeže 2023 - HD14"]
[Site "Harrachov, Czech Republic"]
[Date "2023.10.21"]
[Round "1.3"]
[White "Migalko, Dmitriy"]
[Black "Ugrenovich, Jaroslav"]
[Result "1-0"]
[TimeControl "90m + 30s"]
[WhiteElo "1842"]
[BlackElo "1277"]

1. c4 e6 2. e4 Nc6 3. d4 d5 4. exd5 exd5 5. Nc3 Bb4 6. Nf3 Nge7 7. Bd3 Bg4 8. Be3 O-O 9. Bxh7+ Kxh7 10.
Ng5+ Kg8 11. Qxg4 Re8 12. O-O Bxc3 13. bxc3 dxc4 14. Rab1 Rb8 15. Qh5 Qd5 16.
Qh7+ Kf8 17. Qh8+ Ng8 18. Nh7+ Ke7 19. Qxg7 Nd8 20. Bg5+ Kd7
21. Bxd8 Kxd8 22. Rfe1 Kd7 23. Rxe8 Rxe8 24.
Nf8+ Kd8 25. Qxg8 Qe4 26. Rf1 Qe7 27. h4 Rxf8 28. Qg5 Qxg5 29.
hxg5 c6 30. Re1 b5 31. f4 Re8 32. Rxe8+ Kxe8 33. Kf2 Ke7 34. f5 a5 35. a3 Kd6 36. Ke3 Ke7 37. a4 Kd7 38.
axb5 cxb5 39. g6 fxg6 40. fxg6 Ke8 41. d5 a4 42. Kd2 a3 43. Kc2 b4 44. cxb4 a2 45.
Kb2 c3+ 46. Kxa2 1-0

[Event "Mistrovství Čech mládeže 2023 - HD14"]
[Site "Harrachov, Czech Republic"]
[Date "2023.10.21"]
[Round "1.4"]
[White "Mojžíšová, Barbora"]
[Black "Topenčík, Bruno"]
[Result "1/2-1/2"]
[TimeControl "90m + 30s"]
[WhiteElo "1242"]
[BlackElo "1832"]

1. e4 c6 2. d4 d5 3. Nc3 dxe4 4. Nxe4 Bf5 5. Ng3 Bg6 6. Nf3 Nf6 7. Bc4 e6 8. Bg5 Nbd7 9. O-O Be7 10.
Re1 O-O 11. Bd3 Bxd3 12. Qxd3 Qb6 13. b3 Rad8 14. Be3 Nd5 15. Ng5 N7f6 16. Nh5 h6 17. Nxf6+ Nxf6 18. Nf3 Nd5 19. c4 Nxe3 20.
Qxe3 Bf6 21. Rad1 Rd7 22. Rd2 Rfd8 23. Red1 Qc7 24. Kf1 Rd6 25. Qf4 Qe7 26. Qe4 R8d7 27. Ne5 Bxe5 28. Qxe5 Qd8 29.
f3 b6 30. a4 Qh4 31. Qg3 Qf6 32. Qf2 Qd8 33. Ke1 Qg5 34. f4 Qf5 35. Qe3 Qa5 36. Kf2 Qh5 37. h3 Qh4+ 38. Qg3 Qd8 39.
Qe3 c5 40. d5 exd5 41. cxd5 Rxd5 42. Rxd5 Rxd5 43. Rxd5 Qxd5 44. Qe8+ Kh7 45. Qe7 Qxb3 46. Qxa7 Qb2+ 47. Kg3 Qc3+ 48.
Kh2 Qf6 49. Qc7 g6 50. Kg3 Kg7 51. Kf3 Qc3+ 52. Kf2 Qd4+ 53. Kf3 c4 54. Qe5+ Qxe5 55. fxe5 f6 56. exf6+ Kxf6 57. Ke4 c3 58.
Kd3 c2 59. Kxc2 Ke5 60. Kd3 Kd5 61. Kc3 Kc5 62. Kb3 b5 63. axb5 Kxb5 64. Kc3 Kc5 65. Kd3 Kd5 66. Ke3 Ke5 67.
Kf3 h5 68. h4 Kf5 69. g3 g5 70. hxg5 Kxg5 71. Kg2 h4 72. gxh4+ Kxh4 1/2-1/2

[Event "Mistrovství Čech mládeže 2023 - HD14"]
[Site "Harrachov, Czech Republic"]
[Date "2023.10.21"]
[Round "1.5"]
[White "Mikulka, Martin Michael"]
[Black "Nguyen, Nhat Minh Thu"]
[Result "1-0"]
[TimeControl "90m + 30s"]
[WhiteElo "1826"]
[BlackElo "1238"]

1. e4 e5 2. Nf3 Nc6 3. Bb5 Bc5 4. O-O d6 5. c3 a6 6. Ba4 Bg4 7. h3 Bh5 8. Re1 Nf6 9. d3 h6 10.
Nbd2 O-O 11. Nf1 b5 12. Bb3 Bg6 13. Ng3 Nh5 14. Nxh5 Bxh5 15. g4 Bg6 16. Bd5 Qd7 17. Nh4 Bh7 18.
Nf5 Rfe8 19. Qf3 Rac8 20. Bxc6 Qxc6 21. Kh1 Qd7 22. g5 h5 23. Be3 Bxe3 24. fxe3 d5 25. Qxh5 dxe4 26. dxe4 Bxf5 27.
exf5 Qxf5 28. Rf1 Qe6 29. Rf2 Rf8 30. a3 Rcd8 31. Raf1 c5 32. Kg1 Rd3 33. g6 Qxg6+ 34. Qxg6 fxg6 35.
Rxf8+ Kh7 36. Re8 Rxe3 37. Kf2 Rxh3 38. Kg2 Rh5 39. Rh1 Kh6 40. Rxe5 c4 41. Rhxh5+ gxh5 42. Re6+ Kg5 43. Rxa6 Kg4 44.
Rg6+ 1-0

[Event "Mistrovství Čech mládeže 2023 - HD14"]
[Site "Harrachov, Czech Republic"]
[Date "2023.10.21"]
[Round "1.6"]
[White "Jančík, Vojtěch"]
[Black "Švadlenka, Dominik"]
[Result "0-1"]
[TimeControl "90m + 30s"]
[WhiteElo "1219"]
[BlackElo "1710"]

1. e4 c6 2. d4 d5 3. e5 c5 4. c3 Nc6 5. Nf3 Bg4 6. Be2 e6 7. O-O Nge7 8. h3 Bxf3 9. Bxf3 cxd4 10.
cxd4 Qb6 11. Nc3 Nxd4 12. Bg4 Ndc6 13. Re1 Ng6 14. Qa4 Bc5 15. Re2 O-O 16. Qc2 Nd4 17. Qd3 Nxe2+ 18. Qxe2 Qa6 19.
Qc2 Nxe5 20. Nxd5 Bxf2+ 21. Kxf2 Nxg4+ 22. hxg4 exd5 23. Be3 Rac8 24. Qd2 h6 25. Rh1 Qg6 26. Kg3 Rc4 27. Bf4 d4 28.
Bxh6 gxh6 29. Rxh6 Qg7 30. Rh5 Rc6 31. Kh3 Rg6 32. Rh4 Qe5 33. g3 Qe3 34. Qa5 Qg1 35. g5 Qh1+ 36. Kg4 Qe4+ 37.
Kh3 Qe6+ 38. Kh2 Rc8 39. a3 Rc2+ 40. Kh1 Qc6+ 41. Kg1 Qg2# 0-1

[Event "Mistrovství Čech mládeže 2023 - HD14"]
[Site "Harrachov, Czech Republic"]
[Date "2023.10.21"]
[Round "1.7"]
[White "Krautschneider, Daniel Jan"]
[Black "Brabcová, Nikola"]
[Result "1-0"]
[TimeControl "90m + 30s"]
[WhiteElo "1669"]
[BlackElo "1195"]

1. e4 e5 2. f4 d5 3. exd5 Qxd5 4. Nc3 Qe6 5. fxe5 Qxe5+ 6. Qe2 Qe6 7. Nf3 Nc6 8. d4 Bb4 9. Bd2 Nge7 10.
Nb5 Bxd2+ 11. Nxd2 Qd7 12. Nb3 a6 13. d5 Nd8 14. Nc3 O-O 15. O-O-O Re8 16. Qf2 b5 17. a3 c6 18. d6 Ng6 19. Be2 Nb7 20. Rhf1 f6 21.
Qg3 Ne5 22. Ne4 Kh8 23. Bh5 Ng6 24. Bxg6 hxg6 25. Qxg6 Rf8 26. Ng5 Kg8 27. Qh7# 1-0

[Event "Mistrovství Čech mládeže 2023 - HD14"]
[Site "Harrachov, Czech Republic"]
[Date "2023.10.21"]
[Round "1.8"]
[White "Archlebová, Iva"]
[Black "Bělaška, Václav"]
[Result "0-1"]
[TimeControl "90m + 30s"]
[WhiteElo "1176"]
[BlackElo "1666"]

1. e4 c5 2. Nf3 d6 3. d4 cxd4 4. Nxd4 Nf6 5. Nc3 a6 6. Nf3 e6 7. Bg5 Be7 8. Be2 b5 9. a3 Bb7 10.
Bxf6 Bxf6 11. O-O O-O 12. Qd2 Qc7 13. Rfd1 Rd8 14. Qe3 Nd7 15. Nd4 Nb6 16. h3 d5 17. Nf3 Bxc3 18. bxc3 dxe4 19. Ng5 h6 20. Nxe4 Nc4 21. Bxc4 Qxc4 22. Nd6 Qc7 23. Nxb7 Qxb7 24. Rxd8+ Rxd8 25. Kf1 Qc6 26. Qf3 Qxf3 27. gxf3 Rc8 28. Ke2 Rxc3 29. Ra2 Kf8 30. a4 bxa4 31. Rxa4 Rxc2+ 32. Kf1 Rc6 33. Ke2 Ke7 34.
Ke3 Kd6 35. Kd4 e5+ 36. Kd3 f5 37. Ra5 Rb6 38. Kc3 Rc6+ 39. Kd3 Ke6 40. Ke3 Kf6 41. Kd3 g6 42. h4 g5 43. hxg5+ hxg5 44.
Ke3 Rd6 45. Ra4 f4+ 46. Ke4 Rd4+ 47. Rxd4 exd4 48. Kxd4 Kf5 49. Kc4 g4 50. fxg4+ Kxg4 0-1

[Event "Mistrovství Čech mládeže 2023 - HD14"]
[Site "Harrachov, Czech Republic"]
[Date "2023.10.21"]
[Round "1.9"]
[White "Křivka, Matěj"]
[Black "Stibor, Ondřej"]
[Result "1-0"]
[TimeControl "90m + 30s"]
[WhiteElo "1665"]
[BlackElo "1170"]

1. e4 e5 2. Nf3 Nc6 3. d4 exd4 4.
Bc4 Bc5 5. c3 dxc3 6. Bxf7+ Kxf7 7. Qd5+ Ke8 8. Qh5+ Kf8 9. Qxc5+ d6 10. Qxc3 Bg4 11. Bg5 Qe8 12. Nbd2 Qg6 13.
h3 Bd7 14. O-O-O Nge7 15. Rhe1 Re8 16. Re3 Qf7 17. Nb3 Ng6 18. Nfd4 Nge5 19. Bh4 Qh5 20. Bg3 Ke7 21. f4 Nf7 22.
Nxc6+ Bxc6 23. e5 dxe5 24. Qc5+ Kf6 25. fxe5+ Nxe5 26. Rf1+ Kg6 27. Bxe5 Qg5 28. Qc2+ 1-0

[Event "Mistrovství Čech mládeže 2023 - HD14"]
[Site "Harrachov, Czech Republic"]
[Date "2023.10.21"]
[Round "1.10"]
[White "Mezera, Antonín"]
[Black "Chernyy, Andrey"]
[Result "0-1"]
[TimeControl "90m + 30s"]
[WhiteElo "1166"]
[BlackElo "1655"]

1. e4 e5 2. Nf3 Nc6 3. Bc4 Nf6 4. d3 Be7 5. O-O O-O 6. Nc3 d6 7. h3 h6 8. Be3 Nh7 9. Qe2 Kh8 10.
Nh2 f5 11. exf5 Bxf5 12. Rad1 Bg5 13. a3 Qd7 14. Bd5 Rae8 15. Be4 Nd4 16. Qd2 c6 17. Ne2 d5 18. Bxf5 Nxf5 19. Bxg5 Nxg5 20.
Ng4 Nh4 21. f3 Rxf3 22. g3 Rxf1+ 23. Rxf1 Nhf3+ 0-1

[Event "Mistrovství Čech mládeže 2023 - HD14"]
[Site "Harrachov, Czech Republic"]
[Date "2023.10.21"]
[Round "1.11"]
[White "Švadlenka, Michal"]
[Black "Katasonova, Olga"]
[Result "1-0"]
[TimeControl "90m + 30s"]
[WhiteElo "1651"]
[BlackElo "1105"]

1. e4 e5 2. Nf3 Nf6 3. Nxe5 d6 4. Nf3 Nxe4 5. d4 d5 6. Bd3 Bf5 7. O-O Be7 8. Bf4 O-O 9. Nbd2 Bd6 10.
Bxd6 Nxd6 11. Bxf5 Nxf5 12. Re1 Nc6 13. c3 Qf6 14. Ne5 Rfe8 15. Ndf3 Nxe5 16. Rxe5 Rxe5 17. Nxe5 c5 18. Nd7 Qd6 19.
Nxc5 b6 20. Nd3 Qg6 21. Ne5 Qf6 22. Qf3 Rd8 23. Re1 Qe6 24. Nd3 Qd7 25. Re5 g6 26. Nb4 Ne7 27. Qe2 Kf8 28. Rxe7 Qxe7 29.
Qxe7+ Kxe7 30. Nc6+ Kd7 31. Nxd8 Kxd8 32. Kf1 Ke7 33. Ke2 Ke6 34. Kd3 b5 35. b3 f5 36. c4 a6 37. a4 bxc4+ 38. bxc4 dxc4+ 39. Kxc4 Kd6 40. f4 Kc6 41. d5+ Kd6 42. h4 a5 43. g3 h6 44. Kd4 Kc7 45. Kc5 h5 46. Kb5 Kd6 47.
Kxa5 Kxd5 48. Kb6 Kd6 49. a5 Kd7 50. a6 1-0

[Event "Mistrovství Čech mládeže 2023 - HD14"]
[Site "Harrachov, Czech Republic"]
[Date "2023.10.21"]
[Round "1.12"]
[White "Kopecká, Libuše"]
[Black "Ježek, Jakub"]
[Result "0-1"]
[TimeControl "90m + 30s"]
[WhiteElo "1077"]
[BlackElo "1642"]

1. e4 c5 2. Nc3 Nc6 3. Nf3 d6 4. Be2 g6 5. d3 Bg7 6. Bd2 e6 7. Qc1 a6 8. a4 Qc7 9. O-O Nge7 10.
Ra3 O-O 11. Bh6 Nd4 12. Nxd4 cxd4 13. Bxg7 Kxg7 14. Nd1 e5 15. c3 Be6 16. f4 f5 17. fxe5 dxe5 18. exf5 Rxf5 19. Nf2 Raf8 20.
h3 Rf4 21. Bf3 Nf5 22. cxd4 Qxc1 23. Rxc1 Nxd4 24. Rc7+ Kh8 25. Rxb7 Nxf3+ 26. gxf3 Rxf3 27. Ng4 Rxh3 28. Nxe5 Bd5 29.
Rd7 Rh1# 0-1

[Event "Mistrovství Čech mládeže 2023 - HD14"]
[Site "Harrachov, Czech Republic"]
[Date "2023.10.21"]
[Round "1.13"]
[White "Rudlof, Adam"]
[Black "Archlebová, Eva"]
[Result "1-0"]
[TimeControl "90m + 30s"]
[WhiteElo "1639"]
[BlackElo "1065"]

1. e4 e5 2. Nf3 Nc6 3. Bc4 Bc5 4. O-O d6 5. d3 h6 6. c3 Bg4 7. Nbd2 Nf6 8. Re1 O-O 9. h3 Be6 10. Bb3 Qd7 11. Nf1 d5 12.
exd5 Bxd5 13. Nxe5 Nxe5 14. Rxe5 Rae8 15. Rxe8 Rxe8 16. Be3 Bxe3 17. Nxe3 b6 18. Nxd5 Nxd5 19. Qd2 Nf6 20. Bc2 Qb5 21. b4 a5 22. a4 Qd5 23. bxa5 Qxa5 24. Re1 Rxe1+ 25. Qxe1 Qd5 26. d4 Qa2 27. Qd2 Qa1+ 28. Kh2 Qb2 29. Bh7+ Kxh7 30. Qxb2 g6 31. c4 Ne4 32. c5 bxc5 33. dxc5 Nxc5 34. a5 h5 35. Qb5 Ne4 36. a6 Nxf2 37.
a7 Kh6 38. a8=Q g5 39. Qf5 Kg7 40. Qxg5+ Kh7 41. Qag8# 1-0

[Event "Mistrovství Čech mládeže 2023 - HD14"]
[Site "Harrachov, Czech Republic"]
[Date "2023.10.21"]
[Round "1.14"]
[White "Straka, René"]
[Black "Jakubše, Tamae Severína"]
[Result "0-1"]
[TimeControl "90m + 30s"]
[WhiteElo "1026"]
[BlackElo "1627"]

1. e4 e5 2. Nf3 Nc6 3. Bc4 Bc5 4. c3 Nf6 5. d4 exd4 6. cxd4 Bb4+ 7. Nc3 Nxe4 8. O-O Bxc3 9. bxc3 d5 10.
Re1 O-O 11. Qc2 Bf5 12. Bd3 Re8 13. Bf4 Bg6 14. Re3 Nf6 15. Rxe8+ Nxe8 16. Re1 Nd6 17. Ne5 Nxe5 18. Bxe5 Bxd3 19.
Qxd3 f6 20. Bxd6 Qxd6 21. Qb5 Qc6 22. Qxc6 bxc6 23. Re7 Rb8 24. g3 Rb7 25. Kg2 h6 26. g4 Kh7 27. h4 a5 28. h5 a4 29.
Kf3 a3 30. Ke3 Rb2 31. Rxc7 Rxa2 32. Rxc6 Rc2 33. f4 a2 34. Ra6 Rxc3+ 35. Kd2 Rg3 36. Kc2 Rxg4 37. Kb3 Rxf4 38. Rxa2 Rxd4 39.
Rh2 g6 40. hxg6+ Kxg6 41. Rg2+ Kf5 42. Rf2+ Rf4 43. Rd2 d4 0-1

[Event "Mistrovství Čech mládeže 2023 - HD14"]
[Site "Harrachov, Czech Republic"]
[Date "2023.10.21"]
[Round "1.15"]
[White "Slívová, Linda"]
[Black "Červinka, Vojtěch"]
[Result "1-0"]
[TimeControl "90m + 30s"]
[WhiteElo "1624"]
[BlackElo "1025"]

1. d4 d5 2. Bf4 Bf5 3. Nf3 e6 4. c4 Bb4+ 5. Nc3 Nc6 6. e3 Nge7 7. a3 Bxc3+ 8. bxc3 O-O 9. Qb3 b6 10.
Be2 Na5 11. Qa4 c6 12. Nd2 Nb7 13. O-O c5 14. Bg3 Qe8 15. Qb3 Qc6 16. cxd5 Nxd5 17. e4 Na5 18. Qb2 cxd4 19. exd5 dxc3 20.
dxc6 cxb2 21. Ra2 b1=Q 22. Nxb1 Nxc6 23. Nc3 Rac8 24. Nb5 Rfd8 25. Nd6 Ra8 26. Bf3 Rxd6 27. Bxd6 Rd8 28. Bxc6 Rxd6 29.
Rc1 e5 30. Be4 1-0

[Event "Mistrovství Čech mládeže 2023 - HD14"]
[Site "Harrachov, Czech Republic"]
[Date "2023.10.21"]
[Round "1.16"]
[White "Martinkovičová, Nela"]
[Black "Stefaniv, Vladislav"]
[Result "0-1"]
[TimeControl "90m + 30s"]
[WhiteElo "1018"]
[BlackElo "1566"]

1. c4 e6 2. g3 d5 3. Bg2 Nf6 4. d4 Be7 5. Nc3 O-O 6. cxd5 exd5 7. Bf4 c6 8. e4 dxe4 9. Bxe4 Nxe4 10.
Nxe4 Bb4+ 11. Nc3 Re8+ 12. Nge2 Bg4 13. Be3 Bxc3+ 14. bxc3 Qd5 15. Rg1 Qc4 16. Qd2 Bxe2 17. Rc1 Bf3 18.
h4 h5 19. Rc2 Nd7 20. g4 Bxg4 21. Rg3 Nf6 22. f3 Bf5 23. Rb2 Nd5 24. Kf2 Rxe3 25. Rb4 Qxc3 26. Qxc3 Rxc3 27. Rxb7 Rc2+ 28.
Ke1 Re8+ 29. Kf1 Bd3+ 0-1

[Event "Mistrovství Čech mládeže 2023 - HD14"]
[Site "Harrachov, Czech Republic"]
[Date "2023.10.21"]
[Round "1.17"]
[White "Sboev, Kirill"]
[Black "Krátká, Tereza"]
[Result "1-0"]
[TimeControl "90m + 30s"]
[WhiteElo "1556"]
[BlackElo "1017"]

1. d4 d5 2. c4 c6 3. Nc3 Nf6 4. Nf3 Bf5 5. cxd5 cxd5 6. Qb3 Qd7 7. Ne5 Qc7 8. Nxd5 Nxd5 9. Qxd5 e6 10.
Qb5+ Nc6 11. Bf4 Bb4+ 12. Kd1 Bd6 13. Nxc6 bxc6 14. Bxd6 Qxd6 15. Qc5 Qxc5 16. dxc5 Rd8+ 17. Ke1 O-O 18.
e3 Rd5 19. b4 Rb8 20. a3 h6 21. Bc4 Rd7 22. Ke2 Rbd8 23. Rhd1 Bc2 24. Rxd7 Rxd7 25. Rc1 Bg6 26. Rd1 Bh5+ 27.
f3 Rc7 28. Rd8+ Kh7 29. Bd3+ f5 30. Rd6 Be8 31. Rxe6 1-0

[Event "Mistrovství Čech mládeže 2023 - HD14"]
[Site "Harrachov, Czech Republic"]
[Date "2023.10.22"]
[Round "2.1"]
[White "Sboev, Kirill"]
[Black "Váňa, Jan"]
[Result "0-1"]
[TimeControl "90m + 30s"]
[WhiteElo "1556"]
[BlackElo "1969"]

1. d4 Nf6 2. Nf3 e6 3. Bf4 c5 4. e3 d5 5. c3 Bd6 6. Bb5+ Nc6 7. Ne5 Qc7 8. Qa4 Bd7 9. Nxd7 Nxd7 10.
Bxd6 Qxd6 11. Bxc6 Qxc6 12. Qxc6 bxc6 13. Nd2 Rb8 14. Rb1 cxd4 15. cxd4 Ke7 16. b3 Rhc8 17. b4 a5 18. bxa5 Rxb1+ 19. Nxb1 c5 20. dxc5 Rxc5 21. Kd2 Ne5 22. Nc3 Rxa5 23. Rb1 Nc4+ 24. Kd3 Nd6 25. a4 e5 26. f3 f5 27. Rb4 Kd7 28.
Nb5 Nxb5 29. Rxb5 Rxb5 30. axb5 Kd6 31. f4 exf4 32. exf4 Kc5 33. h3 h5 0-1

[Event "Mistrovství Čech mládeže 2023 - HD14"]
[Site "Harrachov, Czech Republic"]
[Date "2023.10.22"]
[Round "2.2"]
[White "Roubal, Matyáš"]
[Black "Bludský, Hynek"]
[Result "1-0"]
[TimeControl "90m + 30s"]
[WhiteElo "1884"]
[BlackElo "1547"]

1. e4 c5 2. Nf3 Nc6 3. d4 cxd4 4. Nxd4 g6 5. c4 Bg7 6. Be3 Nf6 7. Nc3 d6 8. Be2 O-O 9. O-O Bd7 10.
Qd2 Nxd4 11. Bxd4 Bc6 12. f3 a5 13. b3 Nd7 14. Bf2 Nc5 15. Rab1 Qc7 16. Bd1 Rfc8 17. Bc2 Bxc3 18. Qxc3 b5 19.
e5 Nb7 20. exd6 Nxd6 21. c5 Ne8 22. a3 Nf6 23. Bg3 Qa7 24. b4 Nd5 25. Qe5 Qd7 26. Rfe1 f6 27. Qb2 Kf7 28. Rbd1 axb4 29.
axb4 e6 30. Bb3 Re8 31. Rd4 Qa7 32. Qd2 Kg7 33. h3 Qa3 34. Bxd5 exd5 35. Rxe8 Rxe8 36. Rxd5 Bxd5 37. Qxd5 Qa7 38.
Kh2 Re7 39. c6 Qb6 40. h4 h5 41. Kh1 Ra7 42. Qd6 Ra1+ 43. Kh2 Qg1+ 44. Kh3 Qh1+ 45. Bh2 Ra2 46. Qe7+ Kh6 47. Qf8+ Kh7 48.
Qf7+ Kh6 49. Qxa2 Qd1 50. Bf4+ g5 51. hxg5+ fxg5 52. Qe6+ 1-0

[Event "Mistrovství Čech mládeže 2023 - HD14"]
[Site "Harrachov, Czech Republic"]
[Date "2023.10.22"]
[Round "2.3"]
[White "Pásek, Josef"]
[Black "Migalko, Dmitriy"]
[Result "0-1"]
[TimeControl "90m + 30s"]
[WhiteElo "1555"]
[BlackElo "1842"]

1. d4 d5 2. Nf3 c6 3. c4 e6 4. Nc3 Nf6 5. Bf4 Bd6 6. Bg3 Bxg3 7. hxg3 Nbd7 8. e3 Qe7 9. cxd5 exd5 10.
a3 O-O 11. Bd3 b5 12. b4 h6 13. O-O Nb6 14. Ne5 Qd6 15. Qc1 Bb7 16. Bc2 a5 17. Qb2 Nfd7 18. Nxd7 Nc4 19. Qc1 Qxd7 20.
Bd3 axb4 21. axb4 Rxa1 22. Qxa1 Ra8 23. Qc1 Qd6 24. Bxc4 dxc4 25. Qb2 Bc8 26. Rb1 Bf5 27. Rc1 Bd3 28.
Re1 h5 29. f3 Qxg3 30. Ra1 Rxa1+ 31. Qxa1 h4 32. Qc1 h3 33. Qd2 hxg2 34. Qf2 Qxf2+ 35. Kxf2 Bf1 36. Ne4 Kf8 37. Nc3 Ke7 38.
Kg1 Ke6 39. Kf2 f5 40. Kg1 g5 41. e4 fxe4 42. fxe4 Bd3 43. Kxg2 Bxe4+ 44. Kg3 Bf5 45. Kf3 Kf6 46. Kg3 Bd7 47.
Kf3 Kf5 0-1

[Event "Mistrovství Čech mládeže 2023 - HD14"]
[Site "Harrachov, Czech Republic"]
[Date "2023.10.22"]
[Round "2.4"]
[White "Kammová, Kateřina"]
[Black "Mikulka, Martin Michael"]
[Result "1/2-1/2"]
[TimeControl "90m + 30s"]
[WhiteElo "1543"]
[BlackElo "1826"]

1. e4 e6 2. d4 d5 3. exd5 exd5 4. c4 Bb4+ 5. Nc3 Nf6 6. Bd3 dxc4 7. Bxc4 O-O 8. Nge2 h6 9. O-O Nc6 10.
a3 Bd6 11. Qc2 Ne7 12. Nb5 Ned5 13. Nxd6 Qxd6 14. Rd1 c6 15. Ng3 Re8 16. Bd2 Be6 17. Bb3 Nb6 18. Nf5 Bxf5 19. Qxf5 Nbd5 20.
Re1 Re7 21. Rxe7 Nxe7 22. Qd3 Ned5 23. Re1 Qd7 24. h3 Re8 25. Rxe8+ Qxe8 26. Bc2 Qd7 27. Qg3 Qc7 28. Qxc7 Nxc7 29.
Kf1 Nfd5 30. g3 Nb5 31. Be3 Nxe3+ 32. fxe3 Nd6 33. Bd3 f5 34. Ke2 Kf7 35. Kf3 Kf6 36. g4 b6 37. b4 Ke6 38.
Bxf5+ Nxf5 39. gxf5+ Kxf5 40. e4+ Kf6 41. h4 g6 42. a4 a5 43. bxa5 bxa5 44. Kg4 Ke6 45. Kf4 1/2-1/2

[Event "Mistrovství Čech mládeže 2023 - HD14"]
[Site "Harrachov, Czech Republic"]
[Date "2023.10.22"]
[Round "2.5"]
[White "Švadlenka, Dominik"]
[Black "Kravchenko, Andrey"]
[Result "1/2-1/2"]
[TimeControl "90m + 30s"]
[WhiteElo "1710"]
[BlackElo "1541"]

1. d4 d5 2. c4 e6 3. Nc3 Nf6 4.
Bg5 Be7 5. e3 h6 6. Bf4 a6 7. cxd5 Nxd5 8. Nxd5 exd5 9. Ne2 Nd7 10. Nc3 Nf6 11. Bd3 O-O 12. O-O c6 13. Bg3 Bd6 14.
Qc2 Bxg3 15. hxg3 Re8 16. b4 Be6 17. Na4 Nd7 18. Nc5 Nxc5 19. bxc5 b5 20. cxb6 Qxb6 21. Rab1 Qc7 22. Rfc1 Rec8 23.
Qa4 a5 24. Rc5 Bd7 25. Qa3 Qa7 26. Bc2 Qa6 27. Qd3 Qxd3 28. Bxd3 Ra7 29. Rb6 Rca8 30. e4 dxe4 31. Bxe4 Rd8 32.
Rc4 Be6 33. Ra4 Rad7 34. Rxa5 Rxd4 35. Bxc6 Rd1+ 36. Kh2 R1d2 37. a4 Rxf2 38. Rc5 Rfd2 39. Rbb5 Bd7 40. a5 Bxc6 41. Rxc6 Ra2 42.
Ra6 Rdd2 43. Ra8+ Kh7 44. a6 Rxg2+ 45. Kh3 Rh2+ 46. Kg4 Ra4+ 47. Kf3 Ra3+ 48. Kf4 Rf2+ 49. Ke5 Rfa2 50. Rb6 Rxg3 51.
a7 Rg5+ 52. Kd6 Rg6+ 53. Kc7 Rxb6 54. Kxb6 Rb2+ 55. Kc5 Rc2+ 56. Kb6 1/2-1/2

[Event "Mistrovství Čech mládeže 2023 - HD14"]
[Site "Harrachov, Czech Republic"]
[Date "2023.10.22"]
[Round "2.6"]
[White "Pogorelskiy, Boris"]
[Black "Krautschneider, Daniel Jan"]
[Result "0-1"]
[TimeControl "90m + 30s"]
[WhiteElo "1541"]
[BlackElo "1669"]

1. e4 c5 2. Nf3 Nc6 3. d4 cxd4 4. Nxd4 g6 5. c4 Bg7 6. Be3 Qb6 7. Nb3 Qc7 8. Nd4 Qb6 9. Nb3 Qc7 10.
Nd4 Nf6 11. Nc3 Qa5 12. Nb3 Qd8 13. Nd4 O-O 14. Be2 d6 15. f3 a6 16. O-O Bd7 17. Qd2 Qa5 18. Rac1 b5 19. Nb3 Qd8 20.
cxb5 axb5 21. Bxb5 Ne5 22. Bxd7 Nc4 23. Qe2 Nxe3 24. Qxe3 Nxd7 25. Ra1 Nb6 26. Nd2 Na4 27. Nxa4 Rxa4 28.
Qb3 Qa8 29. Qc2 Rxa2 30. Rxa2 Qxa2 31. Rc1 Qxb2 32. Qxb2 Bxb2 33. Rc7 Bf6 34. Nc4 Rd8 35. Na5 Bd4+ 0-1

[Event "Mistrovství Čech mládeže 2023 - HD14"]
[Site "Harrachov, Czech Republic"]
[Date "2023.10.22"]
[Round "2.7"]
[White "Bělaška, Václav"]
[Black "Chon, Jeremy"]
[Result "1/2-1/2"]
[TimeControl "90m + 30s"]
[WhiteElo "1666"]
[BlackElo "1538"]

1. e4 c5 2. Nf3 g6 3. d4 cxd4 4. Qxd4 Nf6 5. e5 Nc6 6.
Qa4 Nd5 7. Qe4 Nc7 8. Nc3 Bg7 9. Bf4 Ne6 10. Bg3 Qa5 11. h4 h5 12. Bc4 a6 13. O-O-O O-O 14. Bd5 Rb8 15. Bh2 Qb4 16.
Bxe6 dxe6 17. Nd4 Qc5 18. g4 Bh6+ 19. Kb1 Nxd4 20. Rxd4 Qc6 21. Qxc6 bxc6 22. g5 Bg7 23. Ne4 Rb5 24.
c4 c5 25. Rd2 Bb7 26. Re1 Bxe4+ 27. Rxe4 Rb7 28. Re3 Re8 29. Red3 f6 30. Rd8 Kf7 31. f4 a5 32. Kc2 Rb4 33. Kc3 a4 34. R2d7 fxe5 35.
fxe5 a3 36. b3 Rb6 37. Rd2 Rxd8 38. Rxd8 Rd6 1/2-1/2

[Event "Mistrovství Čech mládeže 2023 - HD14"]
[Site "Harrachov, Czech Republic"]
[Date "2023.10.22"]
[Round "2.8"]
[White "Bělaška, Adam"]
[Black "Křivka, Matěj"]
[Result "1/2-1/2"]
[TimeControl "90m + 30s"]
[WhiteElo "1503"]
[BlackElo "1665"]

1. e4 c5 2. Nf3 e6 3. d4 cxd4 4. Nxd4 Nc6 5. Nc3 a6 6. Be3 Qc7 7. Qd2 Nf6 8. O-O-O Bb4 9. f3 d5 10.
Bf4 Qa5 11. Nxc6 bxc6 12. Be5 Bb7 13. a3 Be7 14. exd5 cxd5 15. Qg5 O-O 16. h4 h6 17. Qd2 Bc6 18. Qe3 Bc5 19. Bd4 Bxd4 20.
Qxd4 Rab8 21. g4 Qb6 22. Ne2 Nd7 23. f4 Rfc8 24. Qxb6 Nxb6 25. Nd4 a5 26. Nxc6 Rxc6 27. Rh3 Na4 28.
b3 Nc5 29. Kb2 Ne4 30. Rd4 Nf2 31. Rg3 Rbc8 32. c4 a4 33. bxa4 Ne4 34. Re3 Nd6 35. cxd5 exd5 36. Rxd5 Nc4+ 37.
Bxc4 Rxc4 38. Red3 Rxa4 39. R3d4 Rb8+ 40. Ka2 Raa8 41. a4 Kh7 42. f5 f6 43. Ka3 Rb1 44. Rd2 Ra1+ 45. Kb3 R1xa4 46. R2d4 Ra3+ 47. Kc4 Rc8+ 48. Kb4 Ra1 49. Rd1 Rb8+ 50. Kc5 Ra7 51. Kd4 1/2-1/2

[Event "Mistrovství Čech mládeže 2023 - HD14"]
[Site "Harrachov, Czech Republic"]
[Date "2023.10.22"]
[Round "2.9"]
[White "Chernyy, Andrey"]
[Black "Malý, Jiří"]
[Result "0-1"]
[TimeControl "90m + 30s"]
[WhiteElo "1655"]
[BlackElo "1490"]

1. e4 e5 2. Nf3 Nf6 3. Nxe5 d6 4. Nf3 Nxe4 5. d4 d5 6. Bd3 Bf5 7. O-O Be7 8. Re1 O-O 9. c4 c6 10.
Nc3 Nxc3 11. bxc3 Bxd3 12. Qxd3 Nd7 13. Rb1 b6 14. cxd5 cxd5 15. Ne5 Bd6 16. Qf5 Nxe5 17. dxe5 Bc5 18.
Be3 Qc8 19. Qf3 Rd8 20. Rbd1 Qe6 21. Bd4 Rac8 22. Re2 Bxd4 23. Rxd4 Rc5 24. Qe3 Qc6 25. Rc2 Rc8 26. Rd3 h6 27.
h3 Qa4 28. Qd2 Qc6 29. Rc1 Rc7 30. Rd1 Rd7 31. f4 Ra5 32. f5 Qc4 33. Rg3 Kh7 34. e6 fxe6 35. fxe6 Re7 36. Rg4 Qc5+ 37.
Kh1 Rxe6 38. Qd3+ Kh8 39. Qf5 Qe7 40. Rg6 Rxg6 41. Qxg6 Rxa2 42. Rf1 Re2 43. Qg3 Re6 44. h4 Qd6 45.
Qg4 Qe7 46. Qg3 Re3 47. Qf2 Re4 48. Qf5 Rxh4+ 49. Kg1 Qc5+ 50. Rf2 Ra4 51. Kh2 Qd6+ 52. g3 Rc4 53. Re2 Re4 54. Rf2 Re5 55.
Qc8+ Kh7 56. Qg4 Rg5 57. Qf3 Qg6 58. Qe3 Rh5+ 59. Kg1 Qb1+ 60. Rf1 Rh1+ 61. Kxh1 Qxf1+ 62. Kh2 Qf5 63. Qd4 Qe4 64.
Qf2 Qd3 65. Kg1 Qd1+ 66. Kg2 Qd3 67. Kg1 Kg8 68. Qf4 Qd1+ 69. Kg2 Qc2+ 70. Kg1 Kh7 71. Qf3 Qe4 72. Qf2 Kg8 73. Kh2 Qc4 74.
Qf5 d4 75. cxd4 Qxd4 76. Qc8+ Kh7 77. Qf5+ g6 78. Qf7+ Qg7 79. Qe6 Qc7 80. Kh3 a5 81. g4 b5 82. Qd5 b4 83. Qb5 Qc3+ 84.
Kh4 g5+ 0-1